 Dungeon Crawl Stone Soup version 0.19.1 (webtiles) character file.

222 Gargoyl the Skirmisher (level 5, 0/46 HPs)
             Began as a Ghoul Abyssal Knight on Dec 11, 2016.
             Was a Priest of Lugonu.
             Slain by a hound (3 damage)
             ... on level 4 of the Dungeon.
             The game lasted 00:07:39 (3187 turns).

Gargoyl the Skirmisher (Ghoul Abyssal Knight)       Turns: 3187, Time: 00:07:39

Health: 0/46       AC:  9    Str: 16    XL:     5   Next: 99%
Magic:  6/6        EV:  9    Int:  7    God:    Lugonu [***...]
Gold:   81         SH:  3    Dex:  9    Spells: 0 memorised, 4 levels left

rFire  . . .     SeeInvis .     a - +1 hand axe
rCold  + . .     Gourm    .     w - +0 scale mail
rNeg   + + +     Faith    .     g - +0 buckler
rPois  ∞         Spirit   .     (no helmet)
rElec  .         Reflect  .     d - +2 cloak
rCorr  .         Harm     .     (no gloves)
MR     .....                    (no boots)
Stlth  ..........               (no amulet)
                                (no ring)
                                (no ring)

@: flying, rotting
A: rotting body, claws 1, carnivore 3, cold resistance 1, negative energy
resistance 3, slow regeneration 1, torment resistance, unbreathing
a: Depart the Abyss, Bend Space, Banish, Renounce Religion


You were on level 4 of the Dungeon.
You worshipped Lugonu.
Lugonu was most pleased with you.
You were not hungry.

You visited 1 branch of the dungeon, and saw 4 of its levels.
You visited the Abyss 1 time.

You collected 81 gold pieces.

Inventory:

Hand Weapons
 a - a +1 hand axe (weapon)
 e - a cursed -3 shortbow
Armour
 d - a +2 cloak (worn)
 g - a +0 buckler (worn)
 w - a +0 scale mail (worn)
Scrolls
 j - 2 scrolls of teleportation {unknown}
 k - a scroll of amnesia {unknown}
 q - a scroll of immolation {unknown}
 s - a scroll of remove curse {unknown}
 u - a scroll of blinking {unknown}
Potions
 f - 2 potions of flight
 m - a potion of curing {unknown}
 n - 2 potions of magic {unknown}
 o - a potion of cancellation {unknown}
 p - 2 potions of degeneration {unknown}
Comestibles
 c - 4 meat rations
 t - 2 slices of pizza


   Skills:
 + Level 4.0 Fighting
 + Level 3.2 Axes
 * Level 2.8 Armour
 + Level 2.1 Dodging
 + Level 1.0 Shields
 * Level 3.0 Invocations


You had 4 spell levels left.
You didn't know any spells.

Dungeon Overview and Level Annotations

Branches:
Dungeon (4/15)
 Temple: D:4-7

Altars:


Innate Abilities, Weirdness & Mutations

Your body is rotting away.
You thrive on raw meat.
You are immune to poison.
You have sharp fingernails.
You are carnivorous and can eat meat at any time.
Your flesh is cold resistant. (rC+)
You are immune to negative energy. (rN+++)
You regenerate slowly when monsters are visible.
You are immune to unholy pain and torment.
You can survive without breathing.


Message History

The iguana closely misses you. The hound bites you but does no damage.
Press: ? - help, Shift-Dir - straight line, f/p - iguana
Aim: an iguana (lightly wounded, chance to defeat MR: 87%)
You fail to use your ability.
The hound bites you but does no damage. You block the iguana's attack.
Press: ? - help, Shift-Dir - straight line, f/p - iguana
Aim: an iguana (lightly wounded, chance to defeat MR: 87%)
You fail to use your ability.
The hound bites you.
* * * LOW HITPOINT WARNING * * *
You block the iguana's attack. The hound barely misses you.
Press: ? - help, Shift-Dir - straight line, f/p - iguana
Aim: an iguana (lightly wounded, chance to defeat MR: 87%)
You fail to use your ability.
The hound bites you.
* * * LOW HITPOINT WARNING * * *
The iguana bites you.
* * * LOW HITPOINT WARNING * * *
Press: ? - help, Shift-Dir - straight line, f/p - iguana
Aim: an iguana (lightly wounded, chance to defeat MR: 87%)
You fail to use your ability.
The hound bites you.
You die...

### ###..###
###......##
#.........#
##..........
..##..l........
#.....@...........# .
###...h............#
#. #.................#
..
#.?...............##(.
##................#..#
#...................#
##........(.........#
##......... #.....##
##..#...


You could see an iguana and a hound.

Vanquished Creatures
  2 worker ants (D:4)
  An adder (D:2)
  3 worms
  3 dart slugs
  3 leopard geckos
  2 orcs
  6 giant cockroaches
  5 goblins
  11 hobgoblins
  9 jackals
  2 quokkas
  9 bats
  7 frilled lizards
  8 kobolds
  A quokka skeleton (D:4)
  42 rats
114 creatures vanquished.

Vanquished Creatures (others)
  An ogre (D:3)
1 creature vanquished.

Grand Total: 115 creatures vanquished

Notes
Turn   | Place    | Note
-------+----------+-------------------------------------------
     0 | Abyss:1  | Gargoyl the Ghoul Abyssal Knight began the quest for the Orb.
     0 | Abyss:1  | Reached XP level 1. HP: 19/19 MP: 1/1
     4 | Abyss:2  | Found a corrupted altar of Lugonu.
    52 | Abyss:2  | Noticed a tentacled starspawn
    59 | Abyss:2  | Noticed a ynoxinul
    60 | Abyss:2  | Noticed a ynoxinul
    62 | D:1      | Escaped the Abyss
   123 | D:1      | Reached skill level 1 in Dodging
   132 | D:1      | Reached XP level 2. HP: 10/26 MP: 2/2
   311 | D:1      | Reached * piety under Lugonu
   533 | D:1      | Reached XP level 3. HP: 30/31 MP: 3/3
  1255 | D:2      | Reached ** piety under Lugonu
  1260 | D:2      | Reached XP level 4. HP: 40/40 MP: 4/4
  1552 | D:2      | Reached *** piety under Lugonu
  2160 | D:3      | Reached XP level 5. HP: 44/46 MP: 6/6
  2685 | D:4      | Reached skill level 1 in Shields
  2774 | D:4      | Noticed an ogre
  3022 | D:3      | Banished an ogre
  3022 | D:3      | Reached skill level 4 in Fighting
  3187 | D:4      | Slain by a hound

Skill      XL: |  1  2  3  4  5 |
---------------+----------------+-----
Armour         | 2 |  2.8
Dodging        | 1 2 |  2.1
Axes           | 2 3 |  3.2
Shields        | 1 |  1.0
Invocations    | 3 |  3.0
Fighting       | 4 |  4.0

Action                   |  1- 3 |  4- 6 || total
-------------------------+-------+-------++-------
Melee: Hand axe          |   147 |   229 ||   376
Invok: Depart the Abyss  |     1 |       ||     1
       Bend Space        |       |     1 ||     1
       Banish            |       |     1 ||     1
  Use: Scroll            |       |     4 ||     4
       Potion            |       |     1 ||     1
  Eat: Chunk             |    28 |    28 ||    56
Armor: Leather armour    |    51 |    44 ||    95
       Scale mail        |       |    40 ||    40
Dodge: Dodged            |   117 |   151 ||   268
Block: Buckler           |    22 |    34 ||    56
